 Seeded DCSS version 0.29-a0-393-g47a863cc1b (webtiles) character file.

Game seed: 14875320075521095149 (custom seed)

21 zeratav the Digger (level 2, 0/17 HPs)
             Began as an Octopode Earth Elementalist on May 9, 2022.
             Constricted to death by a ball python (1 damage)
             ... on level 1 of the Dungeon.
             The game lasted 00:02:02 (856 turns).

zeratav the Digger (Octopode Earth Elementalist)     Turns: 856, Time: 00:02:02

Health: 0/17       AC:  1    Str:  7    XL:     2   Next: 83%
Magic:  5/5        EV: 10    Int: 17    God:
Gold:   37         SH:  0    Dex: 12    Spells: 4/5 levels left

rFire   . . .      SeeInvis .   f - +4 dagger (venom) {short}
rCold   . . .      Faith    .   (no shield)
rNeg    . . .      Spirit   .   (helmet restricted)
rPois   .          Reflect  .   (no amulet)
rElec   .          Harm     .   (no ring)
rCorr   .          Rampage  .   (no ring)
Will    .....      Clarity  +   (no ring)
Stlth   +++.......              (no ring)
HPRegen 0.05/turn               (no ring)
MPRegen 0.09/turn               (no ring)
                                (no ring)
                                (no ring)

@: constricted
A: almost no armour, amphibious, 8 rings, camouflage 1, gelatinous body 1,
(nimble swimmer 1), tentacles, tentacle spike 1, clarity
a: no special abilities


You were on level 1 of the Dungeon.
You visited 1 branch of the dungeon, and saw 1 of its levels.

You collected 37 gold pieces.


Innate Abilities, Weirdness & Mutations

You cannot wear most types of armour.
You are amphibious.
You can wear up to eight rings at the same time.
Your skin changes colour to match your surroundings (Stealth+).
Your rubbery body absorbs attacks. (AC +1, EV +1)
((You are camouflaged when in or above water. (Stealth+)))
You have tentacles for arms and can constrict up to eight enemies at once.
One of your tentacles bears a spike.
You possess an exceptional clarity of mind.


   Skills:
 - Level 2.0 Dodging
 - Level 2.6 Stealth
 + Level 2.3 Spellcasting
 - Level 1.0 Transmutations
 * Level 3.7 Earth Magic


You had 4 spell levels left.
You knew the following spells:

 Your Spells              Type           Power      Damage    Failure   Level
a - Sandblast             Erth           28%        2d8       4%          1

Your spell library contained the following spells:

 Spells                   Type           Power      Damage    Failure   Level
 Passwall                 Tmut/Erth      8%         N/A       11%         2
 Stone Arrow              Conj/Erth      16%        3d8       26%         3
 Corpse Rot               Necr/Air       4%         N/A       28%         2
 Poisonous Vapours        Pois/Air       4%         N/A       28%         2
 Petrify                  Tmut/Erth      10%        N/A       56%         4

Inventory:

Hand Weapons
 f - a +4 dagger of venom (weapon) {short}
   (You took it off a kobold on level 1 of the Dungeon)
Missiles
 a - 23 stones {throwing}
Scrolls
 d - a scroll of poison {unknown}
 e - a scroll of identify {unknown}
 h - a scroll of enchant armour {unknown}
Potions
 b - a potion of magic
 c - 2 potions of haste {unknown}
 g - a potion of invisibility {unknown}

Dungeon Overview and Level Annotations

Branches:
Dungeon (1/15)

Altars:

# ####### #. ...#.#
#.###...# #P.. #.###
##### #.##.P.##..>#
#.... #..P.P..##.####
#....
#..PP)@.#.....#####....
#P...†.S#..............
#......P.P#....#####....
#..P......#....# ###.#
#......rP.#....# #.#
#P...P..P.###... ##..
#####_##### ..#.. ....
.. .)....# ##.. .......#
#...


You could see a ball python and a rat.


Message History

No target in view!
No target in view!
No target in view!
No target in view!
No target in view!
No target in view!
No target in view!
No target in view!
No target in view!
No target in view!
No target in view!
h - a scroll labelled PASEGI ONUI A rat comes into view.
A rat is nearby!
A rat is nearby!
The helpless rat fails to defend itself.
You hit the rat.
You kill the rat!
No target in view!
No target in view!
No target in view!
No target in view!
No target in view!
No target in view!
No target in view!
No target in view!
No target in view!
No target in view!
No target in view!
No target in view!
No target in view!
Found a stone staircase leading down.
You pick up a book of Vapours and begin reading...
You add the spells Poisonous Vapours and Corpse Rot to your library.
No target in view!
A dart slug comes into view.
Found a faded altar of an unknown god.
There is a stone staircase leading down here.
A goblin comes into view. It is wielding a +0 dagger.
The goblin shouts!
A quokka comes into view.
You hit the plant.
The plant begins to die.
The plant is poisoned.
You grab the plant.
You pierce the plant, but do no damage.
You constrict the plant. You hit the plant.
You pierce the plant.
You constrict the plant.
A ball python comes into view.
You barely miss the goblin. Your grab misses the goblin.
You constrict the plant. The goblin barely misses you.
You hit the goblin.
The goblin is poisoned.
Your grab misses the goblin.
You pierce the goblin, but do no damage.
Your squeeze misses the goblin. You constrict the plant.
You kill the goblin!
You barely miss the quokka. Your grab misses the quokka.
Your squeeze misses the quokka. You constrict the plant.
A nearby plant withers and dies.
You lose your grip on the plant.
The quokka bites you.
HP[-4]
You take 4 damage, and now have 13/17 hp.
MASSIVE DAMAGE!! (PAUSE)
You barely miss the quokka. Your grab misses the quokka.
Your tentacle spike misses the quokka.
The quokka barely misses you. The dart slug launches a dart at you.
The slug dart misses you.
HP[+1]
You hit the quokka but do no damage.
The quokka is poisoned.
You grab the quokka. Your squeeze misses the quokka.
You constrict the quokka, but do no damage.
The quokka barely misses you. The ball python closely misses you.
The ball python grabs you. The ball python constricts you.
A rat comes into view.
The quokka misses you.
HP[-1]
You take 1 damage, and now have 13/17 hp.
You hit the quokka.
You kill the quokka!
The ball python bites you. The ball python constricts you.
The dart slug bites you.
* * * LOW HITPOINT WARNING * * *
HP[-6]
You take 6 damage, and now have 7/17 hp.
MASSIVE DAMAGE!! (PAUSE)
You hit the dart slug. You grab the dart slug. You constrict the dart slug.
The ball python bites you but does no damage.
The ball python constricts you.
* * * LOW HITPOINT WARNING * * *
The dart slug launches a dart at you. The slug dart hits you.
* * * LOW HITPOINT WARNING * * *
The ball python bites you but does no damage.
The ball python constricts you.
* * * LOW HITPOINT WARNING * * *
HP[-6]
You take 6 damage, and now have 1/17 hp.
MASSIVE DAMAGE!! (PAUSE)
You hit the dart slug but do no damage.
The dart slug is poisoned.
You pierce the dart slug.
You squeeze the dart slug.
You kill the dart slug!
The ball python bites you but does no damage.
The ball python constricts you.
You die...

Action                   || total
-------------------------++-------
Melee: Unarmed           ||     8
       Dagger            ||    23
       Constrict         ||     6
       Tentacles         ||     4
       Kick              ||     6
 Cast: Sandblast         ||     7
  Use: Potion            ||     1
 Stab: Sleeping          ||     4
Armor: Skin              ||     3
Dodge: Dodged            ||    16

Levels and vault maps discovered:
D:1:      mushboom_english_gardens, layout_rooms, shapermc_ecumenical_altar_gd

Notes
Turn   | Place    | Note
-------+----------+-------------------------------------------
     0 | D:1      | zeratav the Octopode Earth Elementalist began the quest for
                  | the Orb.
     0 | D:1      | Reached XP level 1. HP: 11/11 MP: 3/3
     0 | D:1      | magus.rc [v1.9.6]
   239 | D:1      | Gained mutation: You possess an exceptional clarity of
                  | mind. [potion of mutation]
   239 | D:1      | Gained mutation: One of your tentacles bears a spike.
                  | [potion of mutation]
   413 | D:1      | Reached XP level 2. HP: 16/17 MP: 5/5
   425 | D:1      | HP: 3/17 [endoplasm (3)]
   839 | D:1      | You pick up a book of Vapours and begin reading...
   839 | D:1      | You add the spells Poisonous Vapours and Corpse Rot to your
                  | library.
   840 | D:1      | Found a faded altar of an unknown god.
   855 | D:1      | HP: 2/17 [dart slug/slug dart (4)]
   856 | D:1      | Constricted to death by a ball python

Vanquished Creatures
  A dart slug (D:1)
  4 endoplasms (D:1)
  2 giant cockroaches (D:1)
  3 jackals (D:1)
  A kobold (D:1)
  A quokka (D:1)
  2 frilled lizards (D:1)
  3 goblins (D:1)
  A rat (D:1)
18 creatures vanquished.

Vanquished Creatures (others)
  3 demonic plants (D:1)
  A plant (D:1)
4 creatures vanquished.

Grand Total: 22 creatures vanquished

Table legend:
 A = Non-vault XP
 B = Vault XP
 C = Vault XP percentage of total XP
 D = Non-vault monster count
 E = Vault monster count
 F = Vault count percentage of total count
                 A         B        C        D         E       F
            +---------+---------+-------+---------+---------+-------
      Total |      34 |       0 |   0.0 |      18 |       0 |   0.0
            +---------+---------+-------+---------+---------+-------
        D:1 |      34 |       0 |   0.0 |      18 |       0 |   0.0
            +---------+---------+-------+---------+---------+-------

Illustrated notes

Table legend:
 A = Kills in this place as a percentage of kills in entire the game.
 B = Kills by you in this place as a percentage of kills by you in the entire game.
 C = Kills by friends in this place as a percentage of kills by friends in the entire game.
 D = Other kills in this place as a percentage of other kills in the entire game.
 E = Experience gained in this place as a percentage of experience gained in the entire game.
 F = Experience gained in this place divided by the number of levels of this place that you have seen.
                   A       B       C       D       E      F
               +-------+-------+-------+-------+-------+----------------------
         Total | 100.0 | 100.0 |   N/A |   N/A | 100.0 |  34.0
       Dungeon | 100.0 | 100.0 |   N/A |   N/A | 100.0 |  34.0
               +-------+-------+-------+-------+-------+----------------------

Table legend: (Time is in decaauts)
 A = Elapsed time spent in this place.
 B = Non-inter-level travel time spent in this place.
 C = Inter-level travel time spent in this place.
 D = Time resting spent in this place.
 E = Time spent auto-exploring this place.
 F = Levels seen in this place.
 G = Mean time per level.
                   A        B        C        D        E       F      G
               +--------+--------+--------+--------+--------+-----+--------+
         Total |    855 |    855 |      0 |    263 |    465 |   1 |  855.0 |
       Dungeon |    855 |    855 |      0 |    263 |    465 |   1 |  855.0 |
               +--------+--------+--------+--------+--------+-----+--------+

Top non-repeatable levels by time:
     D:1: 855 daAuts
